 Dungeon Sprint DCSS version 0.19-a0-1815-g4007336 (webtiles) character file.

611 poirepourri the Fighter (level 7, 0/68 HPs)
             Began as a Human Fighter on Oct 5, 2016.
             Was an Initiate of Qazlal.
             Slain by Sonja
             ... wielding a +0 dagger of venom
              (4 damage)
             ... in the Dungeon (Sprint I: "Red Sonja").
             The game lasted 00:01:15 (981 turns).

poirepourri the Fighter (Human Fighter)              Turns: 981, Time: 00:01:17

Health: 0/68       AC:  9    Str: 17    XL:     7   Next: 72%
Magic:  7/7        EV:  8    Int:  8    God:    Qazlal [......]
Gold:   356        SH:  9    Dex: 14    Spells: 0 memorised, 6 levels left

rFire  . . .     SeeInvis .     a - +0 rapier
rCold  . . .     Gourm    .     b - +1 scale mail
rNeg   . . .     Faith    .     c - +0 shield
rPois  .         Spirit   .     (no helmet)
rElec  .         Dismiss  .     (no cloak)
rCorr  .         Reflect  .     j - +0 pair of gloves
MR     .....     Harm     .     (no boots)
Stlth  .......... NoTele   +    (no amulet)
                                (no ring)
                                (no ring)

@: lethally poisoned (0 -> -108), slowed, very slow
A: no striking features
a: Renounce Religion


You were in the Dungeon.
You worshipped Qazlal.
Qazlal was noncommittal.
You were not hungry.

You visited 1 branch You collected 405 gold pieces.
You spent 49 gold pieces at shops.

Inventory:

Hand Weapons
 a - a +0 rapier (weapon)
Armour
 b - a +1 scale mail (worn)
 c - a +0 shield (worn)
 j - a +0 pair of gloves (worn)
Wands
 l - a wand of digging (9/24)
Scrolls
 k - a scroll of blinking
Potions
 e - a potion of curing
 i - 2 potions of magic
 m - a potion of degeneration {unknown}


   Skills:
 + Level 11.5 Fighting
 + Level 9.6 Short Blades
 - Level 4.2 Armour
 + Level 2.8 Dodging
 - Level 4.2 Shields


You had 6 spell levels left.
You didn't know any spells.

Dungeon Overview and Level Annotations

Branches:
Dungeon (1/1)

Altars:
Cheibriados
Dithmenos
Elyvilon
Fedhas
Gozag
Hepliaklqana
Kikubaaqudgha
Makhleb
Nemelex Xobeh
Okawaru
Qazlal
Ru
Sif Muna
Trog
Uskayaw
Vehumet
Xom
Yredelemnul
Zin
The Shining One
Jiyva
Lugonu

Shops:
D [

Annotations:
D Sonja


Message History

Sonja hits you but does no damage.
You are more poisoned.
Sonja hits you with an uncursed dagger of venom.
You are more poisoned.
Sonja hits you but does no damage.
You are more poisoned.
Sonja completely misses you.
You miss Sonja.
* * * LOW HITPOINT WARNING * * *
You feel extremely sick.
Sonja hits you with an uncursed dagger of venom.
* * * LOW HITPOINT WARNING * * *
Sonja barely misses you. Sonja completely misses you.
Unknown command.
You barely miss Sonja.
* * * LOW HITPOINT WARNING * * *
You feel extremely sick. You block Sonja's attack.
Sonja hits you with an uncursed dagger of venom.
You die...

#..').#..'..#..'..'..#
#..#####'#####'#__####
#..####..#...#)####
#..#__####..##.#
#..#_____##'#..+
#⌠⌠#_.∩...'.(._#
####_..__##_.#'#
#_____###K#.# #######
#@### +$.$+ #$.$#
##.## #+#


You could see Sonja.

Vanquished Creatures
  A slime creature (D)
  Sigmund (D)
  A yak (D)
  An ogre (D)
  A jelly (D)
  Ijyb (D)
6 creatures vanquished.

Notes
Turn   | Place    | Note
-------+----------+-------------------------------------------
     0 | D        | poirepourri the Human Fighter began the quest for the Orb.
     0 | D        | Reached XP level 1. HP: 18/18 MP: 1/1
     2 | D        | Noticed Ijyb
    17 | D        | Killed Ijyb
    17 | D        | Reached skill level 4 in Fighting
    17 | D        | Reached XP level 2. HP: 26/26 MP: 2/2
    17 | D        | Reached XP level 3. HP: 31/31 MP: 3/3
    21 | D        | Noticed an ogre
    27 | D        | Killed an ogre
    27 | D        | Reached skill level 7 in Fighting
    27 | D        | Reached XP level 4. HP: 10/43 MP: 4/4
    27 | D        | Reached XP level 5. HP: 11/48 MP: 5/5
   260 | D        | Noticed Sigmund
   282 | D        | Killed Sigmund
   282 | D        | Reached skill level 9 in Fighting
   282 | D        | Reached skill level 1 in Dodging
   282 | D        | Reached XP level 6. HP: 27/60 MP: 6/6
   457 | D        | Found a deep blue altar of Sif Muna.
   459 | D        | Found a radiant altar of Vehumet.
   470 | D        | Reached skill level 10 in Fighting
   507 | D        | Found Elinor's Armour Emporium.
   507 | D        | Found an ancient bone altar of Kikubaaqudgha.
   507 | D        | Found a hazy altar of Hepliaklqana.
   507 | D        | Found a stormy altar of Qazlal.
   507 | D        | Found a hide-covered altar of Uskayaw.
   507 | D        | Found a blossoming altar of Fedhas.
   507 | D        | Found a bloodstained altar of Trog.
   507 | D        | Found an iron altar of Okawaru.
   507 | D        | Found a basalt altar of Yredelemnul.
   507 | D        | Found a glowing golden altar of the Shining One.
   507 | D        | Found a snail-covered altar of Cheibriados.
   507 | D        | Found a sacrificial altar of Ru.
   507 | D        | Found a glowing silver altar of Zin.
   507 | D        | Found a shadowy altar of Dithmenos.
   507 | D        | Found a white marble altar of Elyvilon.
   507 | D        | Noticed a yak
   516 | D        | Killed a yak
   516 | D        | Reached XP level 7. HP: 46/67 MP: 7/7
   588 | D        | Found an opulent altar of Gozag.
   589 | D        | Found a sparkling altar of Nemelex Xobeh.
   597 | D        | Bought a +0 pair of gloves for 49 gold pieces
   685 | D        | Became a worshipper of Qazlal Stormbringer
   703 | D        | Found a burning altar of Makhleb.
   703 | D        | Found a viscous altar of Jiyva.
   703 | D        | Found a shimmering altar of Xom.
   703 | D        | Found a corrupted altar of Lugonu.
   703 | D        | Noticed a slime creature
   721 | D        | Killed a slime creature
   721 | D        | Reached skill level 11 in Fighting
   973 | D        | Noticed Sonja
   981 | D        | Slain by Sonja

Vault maps used:
D:        dungeon_sprint_1

Skill      XL: |  1  2  3  4  5  6  7 |
---------------+----------------------+-----
Fighting       | 4 7 9 10 11 | 11.5
Armour         | 4 |  4.2
Shields        | 4 |  4.2
Short Blades   | 4 6 8 9 |  9.6
Dodging        | 1 2 |  2.8

Action                   |  1- 3 |  4- 6 |  7- 9 || total
-------------------------+-------+-------+-------++-------
Melee: Rapier            |    19 |    33 |    18 ||    70
  Use: Scroll            |       |     2 |       ||     2
       Potion            |       |     1 |     3 ||     4
  Eat: Bread ration      |       |       |     1 ||     1
Armor: Scale mail        |     4 |     6 |    15 ||    25
Dodge: Dodged            |     5 |     6 |     9 ||    20
Block: Shield            |     8 |     7 |     5 ||    20
